IL
EL PASO CHIHUAHUAS @ GWINNETT BRAVES
08/25/2048
 
TOP OF THE 1ST
El Paso Chihuahuas batting - Pitching for Gwinnett Braves : RHP Larry Stegall
Pitching: RHP Larry Stegall
Batting: RHB Wally Cangro 0-0: SOLO HOME RUN (Flyball, 78XD, EV 102.5 MPH), Distance : 414 ft
Batting: SHB Adam Martin 0-0: Called Strike
0-1: Ground out 1-3 (Groundball, 15S, EV 71.2 MPH)
Batting: RHB Eric Sandell 0-0: Swinging Strike
0-1: Ball
1-1: Ball
2-1: Foul Ball, location: 2F
2-2: Ground out 6-3 (Groundball, 56, EV 101.2 MPH)
Batting: LHB Angel Mejia 0-0: Foul Ball, location: 2F
0-1: Ball
1-1: Ball
2-1: Called Strike
2-2: Ball
3-2: Base on Balls
Batting: LHB Carlos Cuellar 0-0: Called Strike
0-1: Called Strike
0-2: Ball
1-2: Ground out 1-3 (Groundball, 13S, EV 63.1 MPH)
Top of the 1st over - 1 run, 1 hit, 0 errors, 1 left on base; El Paso 1 - Gwinnett 0
BOTTOM OF THE 1ST
Gwinnett Braves batting - Pitching for El Paso Chihuahuas : RHP Tom Ackerman
Pitching: RHP Tom Ackerman
Batting: RHB John Peterson 0-0: Swinging Strike
0-1: Bunt missed!
0-2: DOUBLE (Groundball, 5L, EV 104.4 MPH)
Batting: RHB Edgar Castillo 0-0: Swinging Strike
0-1: Foul Ball, location: 2F
0-2: Foul Ball, location: 2F
0-2: Strikes out swinging
Batting: SHB Brian Bagley 0-0: Fly out, F7 (Flyball, 7LDF, EV 80.0 MPH)
Batting: SHB Bob Morales 0-0: Ball
1-0: Foul Ball, location: 2F
1-1: Foul Ball, location: 2F
1-2: Strikes out swinging
Bottom of the 1st over - 0 runs, 1 hit, 0 errors, 1 left on base; El Paso 1 - Gwinnett 0
TOP OF THE 2ND
El Paso Chihuahuas batting - Pitching for Gwinnett Braves : RHP Larry Stegall
Batting: RHB Chase Briney 0-0: Foul Ball, location: 2F
0-1: Fly out, F8 (Flyball, 8RXD, EV 105.6 MPH)
Batting: LHB Hugo MacBeth 0-0: Ball
1-0: Ground out 6-3 (Groundball, 6M, EV 106.2 MPH)
Batting: RHB Matt Fabre 0-0: Called Strike
0-1: Ball
1-1: Ball
2-1: Foul Ball, location: 2F
2-2: Ground out 4-3 (Groundball, 4S, EV 83.8 MPH)
Top of the 2nd over - 0 runs, 0 hits, 0 errors, 0 left on base; El Paso 1 - Gwinnett 0
BOTTOM OF THE 2ND
Gwinnett Braves batting - Pitching for El Paso Chihuahuas : RHP Tom Ackerman
Batting: LHB Mark Buchholz 0-0: Foul Ball, location: 2F
0-1: Called Strike
0-2: Ball
1-2: Strikes out swinging
Batting: RHB Dave Nickerson 0-0: Ball
1-0: Ground out 5-3 (Groundball, 56S, EV 79.4 MPH)
Batting: RHB Mike Meeker 0-0: Ball
1-0: Called Strike
1-1: Ball
2-1: Ground out 4-3 (Groundball, 4M, EV 113.8 MPH)
Bottom of the 2nd over - 0 runs, 0 hits, 0 errors, 0 left on base; El Paso 1 - Gwinnett 0
TOP OF THE 3RD
El Paso Chihuahuas batting - Pitching for Gwinnett Braves : RHP Larry Stegall
Batting: RHB Brian DeVoe 0-0: Ball
1-0: Ball
2-0: Called Strike
2-1: Foul Ball, location: 2F
2-2: Strikes out swinging
Batting: RHB Wally Cangro 0-0: Called Strike
0-1: Ball
1-1: Swinging Strike
1-2: Strikes out swinging
Batting: SHB Adam Martin 0-0: Ball
1-0: Ball
2-0: Ball
3-0: Called Strike
3-1: Base on Balls
Batting: RHB Eric Sandell 0-0: Called Strike
0-1: Ball
1-1: Called Strike
1-2: Fly out, F9 (Flyball, 89M, EV 80.0 MPH)
Top of the 3rd over - 0 runs, 0 hits, 0 errors, 1 left on base; El Paso 1 - Gwinnett 0
BOTTOM OF THE 3RD
Gwinnett Braves batting - Pitching for El Paso Chihuahuas : RHP Tom Ackerman
Batting: SHB David Beauchamp 0-0: Called Strike
0-1: Foul Ball, location: 2F
0-2: Strikes out looking
Batting: RHB Mike Manchester 0-0: Fly out, F8 (Line Drive, 8RM, EV 88.8 MPH)
Batting: RHB John Peterson 0-0: Ball
1-0: Ball
2-0: Ball
3-0: Base on Balls
Batting: RHB Edgar Castillo 0-0: Called Strike
John Peterson steals 2nd, throwing error, E2
John Peterson to third
0-1: Called Strike
0-2: Ball
1-2: Fly out, F8 (Flyball, 8LM, EV 91.9 MPH)
Bottom of the 3rd over - 0 runs, 0 hits, 1 error, 1 left on base; El Paso 1 - Gwinnett 0
TOP OF THE 4TH
El Paso Chihuahuas batting - Pitching for Gwinnett Braves : RHP Larry Stegall
Batting: LHB Angel Mejia 0-0: Called Strike
0-1: Called Strike
0-2: Fly out, F9 (Flyball, 89M, EV 96.9 MPH)
Batting: LHB Carlos Cuellar 0-0: Swinging Strike
0-1: SINGLE (Groundball, 5D, EV 100.6 MPH)
Batting: RHB Chase Briney 0-0: Fly out, F8 (Line Drive, 8LS, EV 90.0 MPH)
Batting: LHB Hugo MacBeth 0-0: Ball
1-0: Called Strike
1-1: Foul Ball, location: 2F
1-2: 2-RUN HOME RUN (Flyball, 9D, EV 97.5 MPH), Distance : 381 ft
Batting: RHB Matt Fabre 0-0: Foul Ball, location: 2F
0-1: Called Strike
0-2: Ground out 6-3 (Groundball, 6, EV 78.8 MPH)
Top of the 4th over - 2 runs, 2 hits, 0 errors, 0 left on base; El Paso 3 - Gwinnett 0
BOTTOM OF THE 4TH
Gwinnett Braves batting - Pitching for El Paso Chihuahuas : RHP Tom Ackerman
Batting: SHB Brian Bagley 0-0: Ball
1-0: Ball
2-0: Foul Ball, location: 2F
2-1: Ball
3-1: SINGLE (Groundball, 6MS, EV 61.9 MPH) (infield hit)
Batting: SHB Bob Morales 0-0: Called Strike
Brian Bagley steals 2nd base
0-1: Swinging Strike
0-2: Foul Ball, location: 2F
0-2: Ball
1-2: Strikes out swinging
Batting: LHB Mark Buchholz 0-0: Foul Ball, location: 2F
0-1: Swinging Strike
0-2: Strikes out swinging
Batting: RHB Dave Nickerson 0-0: Ball
1-0: Fly out, F7 (Flyball, 7LS, EV 95.0 MPH)
Bottom of the 4th over - 0 runs, 1 hit, 0 errors, 1 left on base; El Paso 3 - Gwinnett 0
TOP OF THE 5TH
El Paso Chihuahuas batting - Pitching for Gwinnett Braves : RHP Larry Stegall
Batting: RHB Brian DeVoe 0-0: Ball
1-0: Foul Ball, location: 2F
1-1: Called Strike
1-2: Foul Ball, location: 2F
1-2: Foul Ball, location: 2F
1-2: Foul Ball, location: 2F
1-2: Strikes out swinging
Batting: RHB Wally Cangro 0-0: Called Strike
0-1: Called Strike
0-2: SINGLE (Groundball, 6M, EV 100.0 MPH)
Batting: SHB Adam Martin 0-0: Called Strike
0-1: Fly out, F7 (Line Drive, 7LS, EV 86.9 MPH)
Batting: RHB Eric Sandell 0-0: Ball
1-0: Ball
2-0: Called Strike
Wally Cangro is caught stealing 2nd base 2-4
Top of the 5th over - 0 runs, 1 hit, 0 errors, 0 left on base; El Paso 3 - Gwinnett 0
BOTTOM OF THE 5TH
Gwinnett Braves batting - Pitching for El Paso Chihuahuas : RHP Tom Ackerman
Batting: RHB Mike Meeker 0-0: Ball
1-0: Ground out 5-3 (Groundball, 56, EV 88.8 MPH)
Batting: SHB David Beauchamp 0-0: Ball
1-0: Ball
2-0: SINGLE (Groundball, 4MD, EV 111.2 MPH)
Batting: RHB Mike Manchester 0-0: Called Strike
0-1: Ball
1-1: Fielders Choice at 2nd, 6-4 (Groundball, 56D, EV 103.8 MPH)
Batting: RHB John Peterson 0-0: Ball
1-0: Called Strike
Mike Manchester steals 2nd base
1-1: Reached on error, E6 (Groundball, 6, EV 100.0 MPH)
Mike Manchester scores
Batting: RHB Edgar Castillo 0-0: Ball
1-0: Foul Ball, location: 2F
1-1: Swinging Strike
1-2: Ball
2-2: Ball
3-2: Foul Ball, location: 2F
3-2: Reached on error, E4 (Groundball, 34, EV 103.1 MPH)
John Peterson to third
Batting: SHB Brian Bagley 0-0: Foul Ball, location: 2F
0-1: Foul Ball, location: 2F
0-2: Ball
1-2: Ball
2-2: SINGLE (Groundball, 34D, EV 97.5 MPH)
John Peterson scores
Edgar Castillo to second
Runner from 2nd tries for 3rd, SAFE, throw by RF made to third
Batting: SHB Bob Morales 0-0: Foul Ball, location: 2F
0-1: Ground out 4-3 (Groundball, 4, EV 84.4 MPH)
Bottom of the 5th over - 2 runs, 2 hits, 2 errors, 2 left on base; El Paso 3 - Gwinnett 2
TOP OF THE 6TH
El Paso Chihuahuas batting - Pitching for Gwinnett Braves : RHP Larry Stegall
Batting: RHB Eric Sandell 0-0: SINGLE (Line Drive, 7S, EV 88.1 MPH)
Batting: LHB Angel Mejia 0-0: Called Strike
0-1: Ball
1-1: Ball
2-1: Swinging Strike
2-2: Strikes out swinging
Batting: LHB Carlos Cuellar 0-0: Called Strike
0-1: Ball
1-1: DOUBLE (Line Drive, 8RXD, EV 107.5 MPH)
Eric Sandell to third
Runner from 3rd tries for Home, SAFE, throw by CF to trailing runner, SAFE at third!
Batting: RHB Chase Briney 0-0: Foul Ball, location: 2F
0-1: Ball
1-1: Ball
2-1: Called Strike
2-2: Fly out, F8 (Flyball, 8RD, EV 89.4 MPH)
Batting: LHB Hugo MacBeth 0-0: Intentional Walk
Batting: RHB Matt Fabre 0-0: TRIPLE (Flyball, 9LD, EV 106.2 MPH)
Carlos Cuellar scores
Hugo MacBeth scores
Pitching: LHP Pete McAllister
Batting: RHB Brian DeVoe 0-0: Foul Ball, location: 2F
0-1: Ball
1-1: Foul Ball, location: 2F
1-2: Foul Ball, location: 2F
1-2: Strikes out swinging
Top of the 6th over - 3 runs, 3 hits, 0 errors, 1 left on base; El Paso 6 - Gwinnett 2
BOTTOM OF THE 6TH
Gwinnett Braves batting - Pitching for El Paso Chihuahuas : RHP Tom Ackerman
Batting: LHB Mark Buchholz 0-0: Called Strike
0-1: Ball
1-1: Swinging Strike
1-2: Ball
2-2: Ground out 6-3 (Groundball, 6, EV 80.0 MPH)
Batting: RHB Dave Nickerson 0-0: Swinging Strike
0-1: Ball
1-1: Ball
2-1: SOLO HOME RUN (Flyball, 89XD, EV 108.8 MPH), Distance : 414 ft
Pitching: RHP Carlos Sepulveda
Batting: RHB Mike Meeker 0-0: Called Strike
0-1: Ball
1-1: Ball
2-1: Ball
3-1: Base on Balls
Batting: SHB David Beauchamp 0-0: Ball
1-0: Ball
Mike Meeker steals 2nd base
2-0: Foul Ball, location: 2F
2-1: SINGLE (Groundball, 6MD, EV 101.9 MPH)
Mike Meeker to third
Runner from 3rd tries for Home, SAFE, throw by CF to home
Batting: RHB Mike Manchester 0-0: Ball
1-0: Ball
2-0: Foul Ball, location: 2F
2-1: Ball
3-1: Called Strike
3-2: Strikes out swinging
David Beauchamp steals 2nd base
Batter strikes out.
Batting: RHB John Peterson 0-0: Foul Ball, location: 2F
0-1: Ball
1-1: Foul Ball, location: 2F
1-2: Strikes out swinging
Bottom of the 6th over - 2 runs, 2 hits, 0 errors, 1 left on base; El Paso 6 - Gwinnett 4
TOP OF THE 7TH
El Paso Chihuahuas batting - Pitching for Gwinnett Braves : LHP Pete McAllister
Batting: RHB Wally Cangro 0-0: Ground out 5-3 (Groundball, 5, EV 101.2 MPH)
Batting: SHB Adam Martin 0-0: Ball
1-0: Called Strike
1-1: Swinging Strike
1-2: Ball
2-2: Strikes out swinging
Batting: RHB Eric Sandell 0-0: Called Strike
0-1: Foul Ball, location: 2F
0-2: Ball
1-2: SINGLE (Line Drive, 89S, EV 104.4 MPH)
Batting: LHB Angel Mejia 0-0: Foul Ball, location: 2F
0-1: Ball
1-1: SINGLE (Groundball, 6D, EV 100.0 MPH)
Eric Sandell to second
Batting: LHB Carlos Cuellar 0-0: Foul Ball, location: 2F
0-1: SINGLE (Line Drive, 89S, EV 96.2 MPH)
Eric Sandell to third
Angel Mejia to second
Batting: RHB Chase Briney 0-0: Called Strike
0-1: Called Strike
0-2: Fielders Choice at 2nd, 6-4 (Groundball, 6, EV 98.8 MPH)
Top of the 7th over - 0 runs, 3 hits, 0 errors, 3 left on base; El Paso 6 - Gwinnett 4
BOTTOM OF THE 7TH
Gwinnett Braves batting - Pitching for El Paso Chihuahuas : RHP Carlos Sepulveda
Pitching: RHP Nate Ragain
Batting: RHB Edgar Castillo 0-0: Ball
1-0: Ball
2-0: Fly out, F5 (Line Drive, 5L, EV 66.2 MPH)
Batting: SHB Brian Bagley 0-0: Swinging Strike
0-1: Ball
1-1: Ball
2-1: Foul Ball, location: 2F
2-2: Ground out 4-3 (Groundball, 34, EV 80.6 MPH)
Batting: SHB Bob Morales 0-0: Ground out U3 (Groundball, 34, EV 90.0 MPH)
Bottom of the 7th over - 0 runs, 0 hits, 0 errors, 0 left on base; El Paso 6 - Gwinnett 4
TOP OF THE 8TH
El Paso Chihuahuas batting - Pitching for Gwinnett Braves : LHP Pete McAllister
Pitching: LHP Justin Sullins
Batting: LHB Hugo MacBeth 0-0: Ball
1-0: Called Strike
1-1: Fly out, F8 (Flyball, 8RD, EV 95.0 MPH)
Batting: RHB Matt Fabre 0-0: Foul Ball, location: 2F
0-1: Hit by Pitch
Batting: RHB Brian DeVoe 0-0: Ball
1-0: Ball
2-0: Fielders Choice at 2nd, 6-4 (Groundball, 6, EV 81.9 MPH)
Batting: RHB Wally Cangro 0-0: Called Strike
0-1: Swinging Strike
0-2: Ball
1-2: Ball
2-2: SINGLE (Line Drive, 8RS, EV 103.8 MPH)
Brian DeVoe to second
Batting: SHB Adam Martin 0-0: Ball
1-0: Ball
2-0: Called Strike
2-1: Called Strike
2-2: Ball
3-2: Ground out 5-3 (Groundball, 5, EV 93.8 MPH)
Top of the 8th over - 0 runs, 1 hit, 0 errors, 2 left on base; El Paso 6 - Gwinnett 4
BOTTOM OF THE 8TH
Gwinnett Braves batting - Pitching for El Paso Chihuahuas : RHP Nate Ragain
Pitching: RHP Adrian de la Cerda
Batting: LHB Mark Buchholz 0-0: Ball
1-0: Foul Ball, location: 2F
1-1: Ball
2-1: Called Strike
2-2: Ball
3-2: Foul Ball, location: 2F
3-2: Foul Ball, location: 2F
3-2: Strikes out swinging
Batting: RHB Dave Nickerson 0-0: Ground out 5-3 (Groundball, 56, EV 98.8 MPH)
Batting: RHB Mike Meeker 0-0: Called Strike
0-1: Ball
1-1: Foul Ball, location: 2F
1-2: Strikes out swinging
Bottom of the 8th over - 0 runs, 0 hits, 0 errors, 0 left on base; El Paso 6 - Gwinnett 4
TOP OF THE 9TH
El Paso Chihuahuas batting - Pitching for Gwinnett Braves : LHP Justin Sullins
Batting: RHB Eric Sandell 0-0: Called Strike
0-1: Foul Ball, location: 2F
0-2: Ball
1-2: Foul Ball, location: 2F
1-2: Ball
2-2: Strikes out swinging
Pinch Hitting: RHB Rodolfo Rivera 0-0: Called Strike
0-1: Swinging Strike
0-2: Fly out, F8 (Flyball, 8RXD, EV 79.4 MPH)
Batting: LHB Carlos Cuellar 0-0: Ground out 6-3 (Groundball, 6, EV 81.9 MPH)
Top of the 9th over - 0 runs, 0 hits, 0 errors, 0 left on base; El Paso 6 - Gwinnett 4
BOTTOM OF THE 9TH
Gwinnett Braves batting - Pitching for El Paso Chihuahuas : RHP Adrian de la Cerda
Pitching: RHP Ching Ge
Now at 1B: Matt Fabre
Now at 2B: Kiril Emeshin
Now at 3B: Rodolfo Rivera
Batting: SHB David Beauchamp 0-0: Ball
1-0: Reached via error on a dropped throw from 1B, E1 (Groundball, 34S, EV 88.8 MPH)
Pinch Hitting: LHB Chris Locklear 0-0: SINGLE (Line Drive, 78S, EV 95.0 MPH)
David Beauchamp to second
Batting: RHB John Peterson 0-0: Ball
1-0: Ball
2-0: Bunted foul
2-1: Ball
3-1: Ball
David Beauchamp to third
Chris Locklear to second
Batting: RHB Edgar Castillo 0-0: Ball
1-0: Foul Ball, location: 2F
1-1: Called Strike
1-2: Strikes out looking
Batting: SHB Brian Bagley 0-0: Called Strike
0-1: Ball
1-1: Swinging Strike
1-2: Ball
2-2: Foul Ball, location: 2F
2-2: Strikes out swinging
Batting: SHB Bob Morales 0-0: Called Strike
0-1: Ball
1-1: Foul Ball, location: 2F
1-2: Ball
2-2: Foul Ball, location: 2F
2-2: Ball
3-2: Base on Balls
David Beauchamp scores
Chris Locklear to third
John Peterson to second
Batting: LHB Mark Buchholz 0-0: Ball
1-0: Ball
2-0: Foul Ball, location: 2F
2-1: SINGLE (Groundball, 4S, EV 95.0 MPH)
Chris Locklear scores
John Peterson to third
Bob Morales to second
Runner from 3rd tries for Home, throw by CF and OUT! 8-2
Bottom of the 9th over - 2 runs, 2 hits, 1 error, 2 left on base; El Paso 6 - Gwinnett 6
TOP OF THE 10TH
El Paso Chihuahuas batting - Pitching for Gwinnett Braves : LHP Justin Sullins
Now at SS: Alex Munoz
Batting: RHB Chase Briney 0-0: Called Strike
0-1: Swinging Strike
0-2: SOLO HOME RUN (Flyball, 78XD, EV 103.1 MPH), Distance : 393 ft
Batting: LHB Hugo MacBeth 0-0: Called Strike
0-1: Ball
1-1: SINGLE (Groundball, 6, EV 96.2 MPH)
Pitching: RHP Ryan Casey
Batting: RHB Matt Fabre 0-0: Ground out 5-3 (Groundball, 56S, EV 86.2 MPH)
Hugo MacBeth to second
Pinch Hitting: LHB Anthony Mosley 0-0: Ball
1-0: Called Strike
1-1: Foul Ball, location: 2F
1-2: Ball
2-2: Ball
3-2: SINGLE (Line Drive, 3D, EV 98.1 MPH)
Hugo MacBeth to third
Runner from 3rd tries for Home, SAFE, throw by RF to home
Anthony Mosley to second
Batting: RHB Wally Cangro 0-0: Ground out 6-3 (Groundball, 6, EV 100.6 MPH)
Batting: SHB Adam Martin 0-0: Intentional Walk
Batting: RHB Kiril Emeshin 0-0: Foul Ball, location: 2F
0-1: Ball
1-1: Ball
2-1: Swinging Strike
2-2: SINGLE (Groundball, 6MS, EV 65.6 MPH) (infield hit)
Anthony Mosley to third
Adam Martin to second
Batting: RHB Rodolfo Rivera 0-0: Fielders Choice at 2nd, 6-4 (Groundball, 6, EV 85.0 MPH)
Top of the 10th over - 2 runs, 4 hits, 0 errors, 3 left on base; El Paso 8 - Gwinnett 6
BOTTOM OF THE 10TH
Gwinnett Braves batting - Pitching for El Paso Chihuahuas : RHP Ching Ge
Pitching: RHP Eddie Starks
Now at SS: Lamberto Amicis
Batting: RHB Dave Nickerson 0-0: Swinging Strike
0-1: Ball
1-1: SOLO HOME RUN (Flyball, 7LD, EV 97.5 MPH), Distance : 356 ft
Batting: RHB Mike Meeker 0-0: Ball
1-0: Swinging Strike
1-1: SINGLE (Line Drive, 34, EV 108.8 MPH)
Batting: SHB David Beauchamp 0-0: Bunted foul
0-1: Sac Bunt to 2R - play at first, batter OUT! 2-3
Mike Meeker to second
Batting: RHB Alex Munoz 0-0: Swinging Strike
0-1: Ball
1-1: Ball
2-1: Swinging Strike
2-2: Strikes out swinging
Batting: RHB John Peterson 0-0: Called Strike
0-1: Ground out 6-3 (Groundball, 6, EV 93.8 MPH)
Bottom of the 10th over - 1 run, 2 hits, 0 errors, 1 left on base; El Paso 8 - Gwinnett 7
Tuesday, March 28th , 2023 - OOTP Baseball 23.10 Build 110